 Dungeon Crawl Stone Soup version 0.20.1-1-g8b1a95d (webtiles) character file.

38 Monsterracer the Conjurer (level 3, 14/14 HPs)
             Began as a Felid Conjurer on Oct 24, 2017.
             Quit the game on level 2 of the Dungeon.
             The game lasted 00:03:20 (2277 turns).

Monsterracer the Conjurer (Felid Conjurer)          Turns: 2277, Time: 00:03:20

Health: 14/14      AC:  1    Str:  4    XL:     3   Next: 25%
Magic:  8/8        EV: 18    Int: 17    God:
Gold:   165        SH:  0    Dex: 16    Spells: 1/8 levels left
                                        Lives:  0   Deaths: 1

rFire    . . .     SeeInvis +   (weapon unavailable)
rCold    . . .     Gourm    .   (shield unavailable)
rNeg     . . .     Faith    .   (armour unavailable)
rPois    .         Spirit   .   (helmet unavailable)
rElec    .         Reflect  .   (cloak unavailable)
rCorr    .         Harm     .   (gloves unavailable)
MR       .....                  (boots unavailable)
Stlth    +++.......             (no amulet)
Regen    0.1/turn               (no ring)
MPRegen  0.2/turn               (no ring)

@: quick
A: no armour, no weapons or thrown items, stealth, claws 1, fangs 3, see
invisible, carnivore 3, speed 1, shaggy fur 1, slow metabolism 1, sharp paws
a: no special abilities


You were on level 2 of the Dungeon.
You were not hungry.

You visited 1 branch of the dungeon, and saw 2 of its levels.

You collected 165 gold pieces.

Inventory:

Scrolls
 d - 3 scrolls of identify {unknown}
 f - 3 scrolls of enchant armour {unknown}
 i - 2 scrolls of fear {unknown}
Potions
 c - a potion of lignification {unknown}
 e - a potion of might {unknown}
 g - 2 potions of curing {unknown}
 h - 2 potions of brilliance {unknown}
Books
 a - a book of Conjurations

   Spells                             Type                      Level
   a - Magic Dart                     Conjuration                  1
   b - Searing Ray                    Conjuration                  2
   c - Dazzling Spray                 Conjuration/Hexes            3
   d - Fulminant Prism                Conjuration/Hexes            4
   e - Force Lance                    Conjuration/Translocation    4
   f - Iskenderun's Mystic Blast      Conjuration                  4
Comestibles
 b - a meat ration


   Skills:
 - Level 2.6 Dodging
 - Level 2.6 Stealth
 + Level 3.0 Spellcasting
 * Level 4.6 Conjurations


You had one spell level left.
You knew the following spells:

 Your Spells              Type           Power        Failure   Level  Hunger
a - Magic Dart            Conj           ###.         2%          1    None
b - Searing Ray           Conj           ###...       3%          2    ##.....
c - Fulminant Prism       Conj/Hex       ##........   54%         4    ####...


Dungeon Overview and Level Annotations

Branches:
Dungeon (2/15)

Altars:
Hepliaklqana
Zin
The Shining One


Innate Abilities, Weirdness & Mutations

You cannot wear armour.
You are incapable of wielding weapons or throwing items.
Your paws allow you to move quietly. (Stealth)
You have sharp claws.
You have razor-sharp teeth.
You have supernaturally acute eyesight. (SInv)
You are carnivorous and can eat meat at any time.
You cover ground quickly.
You are covered in fur. (AC +1)
You have a slow metabolism.
Your sharp claws are effective at attacking unaware monsters.


Message History

Press: ? - help, Shift-Dir - straight line, f - ooze
Aim: an ooze (hasn't noticed you)
The magic dart hits the ooze.
The ooze is moderately wounded.
The ooze quivers.
The ooze closely misses you.
Casting: Magic Dart
Confirm with . or Enter, or press ? or * to list all spells.
Aiming: Magic Dart
Press: ? - help, Shift-Dir - straight line, f/p - ooze
Aim: an ooze (moderately wounded)
The magic dart hits the ooze.
The ooze is almost dead.
The ooze closely misses you.
Casting: Magic Dart
Confirm with . or Enter, or press ? or * to list all spells.
Aiming: Magic Dart
Press: ? - help, Shift-Dir - straight line, f/p - ooze
Aim: an ooze (almost dead)
The magic dart hits the ooze.
You kill the ooze!
An ooze comes into view.
An ooze is nearby!
You scratch the ooze.
The ooze is lightly wounded.
You scratch the ooze.
The ooze is moderately wounded.
The ooze barely misses you.
You barely miss the ooze.
The ooze is moderately wounded.
The ooze misses you.
You scratch the ooze.
The ooze is moderately wounded.
The ooze hits you.
Huge Dmg: -22%(-4hp) hp: 78%(14hp)
Casting: Magic Dart
Confirm with . or Enter, or press ? or * to list all spells.
Aiming: Magic Dart
Press: ? - help, Shift-Dir - straight line, f - ooze
Aim: an ooze (moderately wounded)
The magic dart hits the ooze.
The ooze is heavily wounded.
The ooze misses you.
Something hits the fungus.
The fungus is splashed with acid.
The acid corrodes the fungus!
The fungus is destroyed!
Casting: Magic Dart
Confirm with . or Enter, or press ? or * to list all spells.
Aiming: Magic Dart
Press: ? - help, Shift-Dir - straight line, f/p - ooze
Aim: an ooze (heavily wounded)
The magic dart hits the ooze.
The ooze is severely wounded.
The ooze hits you.
A jelly comes into view.
Damage: -5%(-1hp) hp: 73%(13hp)
Casting: Magic Dart
Confirm with . or Enter, or press ? or * to list all spells.
Aiming: Magic Dart
Press: ? - help, Shift-Dir - straight line, f/p - ooze
Aim: an ooze (severely wounded)
Okay, then.
An ooze comes into view.
You see here a kobold corpse.
The ooze moves out of view.
The ooze hits you.
* * * LOW HITPOINT WARNING * * *
Huge Dmg: -23%(-4hp) hp: 50%(9hp)
Casting: Magic Dart
Confirm with . or Enter, or press ? or * to list all spells.
Aiming: Searing Ray
Press: ? - help, Shift-Dir - straight line, f/p - ooze
Aim: an ooze (severely wounded)
You miscast Searing Ray.
You are very lightly contaminated with residual magic.
You smell something strange.
The ooze hits you.
* * * LOW HITPOINT WARNING * * *
Huge Dmg: -16%(-3hp) hp: 34%(6hp)
The ooze misses you.
Casting: Searing Ray
Confirm with . or Enter, or press ? or * to list all spells.
Aiming: Searing Ray
Press: ? - help, Shift-Dir - straight line, f/p - ooze
Aim: an ooze (severely wounded)
The searing ray hits the ooze.
The ooze is almost dead. (Press . to maintain the ray.)
The ooze closely misses you.
The searing ray hits the ooze.
You kill the ooze!
The searing ray hits the jelly.
The jelly is heavily wounded.
* * * LOW MAGIC WARNING * * *
The jelly hits you.
* * * LOW HITPOINT WARNING * * *
The acid corrodes you!
You are splashed with acid!
The acid burns!
You die...
You are now level 3!
You rejoin the land of the living...
Are you sure you want to abandon this character and quit the game? (Confirm with "yes".)

.####.............#.....#.......#
.# #...................#.......#
.####...................#........
..........###....................
..........................#.###.#
#####....####.##.................
# #....#######.........<...##..
#####..............#.............
................@................
##################...............
###### ###............. ÷.÷...#
##########.#..........
.....J'##...%..###............
#.#.......##.#.##.##.### ##
#.#........'.#.##.##.# # .#
#†#........'...##.##.### ##
#J#'#......'.)...(......


There were no monsters in sight!

Vanquished Creatures
  An adder (D:2)
  3 oozes (D:2)
  A worm (D:2)
  3 dart slugs
  2 leopard geckos
  6 bats
  5 giant cockroaches (D:1)
  7 goblins
  4 hobgoblins
  A ball python (D:2)
  13 kobolds
  7 rats
53 creatures vanquished.

Vanquished Creatures (others)
  2 fungi (D:2)
  11 toadstools (D:2)
13 creatures vanquished.

Grand Total: 66 creatures vanquished

Notes
Turn   | Place    | Note
-------+----------+-------------------------------------------
     0 | D:1      | Monsterracer the Felid Conjurer began the quest for the Orb.
     0 | D:1      | Reached XP level 1. HP: 7/7 MP: 4/4
   249 | D:1      | Reached XP level 2. HP: 11/11 MP: 0/6
   325 | D:1      | Learned a level 2 spell: Searing Ray
   417 | D:1      | Found a glowing golden altar of the Shining One.
   423 | D:1      | Reached skill level 4 in Conjurations
  1002 | D:1      | Reached XP level 3. HP: 14/14 MP: 3/7
  1413 | D:2      | Found a faded altar of an unknown god.
  1413 | D:2      | Found a glowing golden altar of the Shining One.
  1418 | D:2      | Found a hazy altar of Hepliaklqana.
  1420 | D:2      | Found a glowing silver altar of Zin.
  1421 | D:2      | Found a faded altar of an unknown god.
  1992 | D:2      | Reached XP level 4. HP: 18/18 MP: 9/9
  2215 | D:2      | Learned a level 4 spell: Fulminant Prism
  2271 | D:2      | HP: 9/18 [ooze (4)]
  2276 | D:2      | HP: 4/18 [jelly (2)]
  2276 | D:2      | Splashed by a jelly's acid
  2277 | D:2      | Reached XP level 3. HP: -3/14 MP: 1/8
  2277 | D:2      | Quit the game

Skill      XL: |  1  2  3  4 |
---------------+-------------+-----
Conjurations   | 4 |  4.6
Spellcasting   | 3 |  3.0
Dodging        | |  2.6
Stealth        | |  2.6

Action                   |  1- 3 |  4- 6 || total
-------------------------+-------+-------++-------
Melee: Unarmed           |    12 |     8 ||    20
       Bite              |     1 |       ||     1
 Cast: Magic Dart        |    95 |    14 ||   109
       Searing Ray       |       |     2 ||     2
  Eat: Chunk             |    10 |       ||    10
Armor: Skin              |     1 |     1 ||     2
Dodge: Dodged            |    17 |    13 ||    30

Vault maps used:
D:1:      roderic_chinese_lattice_arrival, tso_metal_star
D:2:      cheibrodos_fertilizer, chequers_temple_overflow_minitemple
